 Dungeon Crawl Stone Soup version 0.22.1-2-g9c5b331383 (webtiles) character file.

74 Marnok the Charlatan (level 3, -1/28 HPs)
             Began as a Demigod Artificer on Dec 1, 2018.
             Slain by a quokka (3 damage)
             ... on level 2 of the Dungeon.
             The game lasted 00:08:14 (1898 turns).

Marnok the Charlatan (Demigod Artificer)            Turns: 1898, Time: 00:08:14

Health: -1/28      AC:  3    Str: 17    XL:     3   Next: 85%
Magic:  8/8        EV: 12    Int: 15    God:
Gold:   67         SH:  0    Dex: 16    Spells: 2/2 levels left

rFire    . . .     SeeInvis .   a - +1 short sword
rCold    . . .     Gourm    .   (no shield)
rNeg     . . .     Faith    .   b - +0 leather armour
rPois    .         Spirit   .   (no helmet)
rElec    .         Reflect  .   (no cloak)
rCorr    .         Harm     .   (no gloves)
MR       .....                  (no boots)
Stlth    ++........             (no amulet)
HPRegen  0.09/turn              (no ring)
MPRegen  0.11/turn              (no ring)

@: no status effects
A: high mp 1
a: no special abilities


You were on level 2 of the Dungeon.
You were not hungry.

You visited 1 branch of the dungeon, and saw 3 of its levels.

You collected 67 gold pieces.

Inventory:

Hand Weapons
 a - a +1 short sword (weapon)
Armour
 b - a +0 leather armour (worn)
 k - a +0 hat
Jewellery
 l - an uncursed ring of stealth {unknown}
 o - an uncursed ring of magical power {unknown}
Wands
 c - a wand of flame (15)
 d - a wand of enslavement (14)
 e - a wand of random effects (15)
Scrolls
 j - 2 scrolls of identify
 p - a scroll of teleportation
Potions
 n - a potion of curing
Comestibles
 f - a ration
 m - 2 chunks of flesh


   Skills:
 + Level 1.5 Fighting
 + Level 1.5 Short Blades
 + Level 1.0 Armour
 + Level 2.2 Dodging
 + Level 1.0 Stealth
 + Level 3.4 Evocations


You had 2 spell levels left.
You didn't know any spells.
Your spell library was empty.

Dungeon Overview and Level Annotations

Branches:
Dungeon (3/15)


Innate Abilities, Weirdness & Mutations

You have an increased reservoir of magic. (+10% MP)


Message History

The quokka bites you.
* * * LOW HITPOINT WARNING * * *
It was a potion of curing.
You feel better. The quokka bites you.
* * * LOW HITPOINT WARNING * * *
As you read the scroll labeled ERPHYN ZOEDWO, it crumbles to dust.
You smell mustard.
It was a scroll of random uselessness.
The quokka bites you but does no damage.
As you read the scroll labeled BAGRAAWAT, it crumbles to dust.
It is a scroll of enchant weapon.
Your +0 short sword glows red for a moment.
The quokka bites you.
* * * LOW HITPOINT WARNING * * *
As you read the scroll labeled URAOM FODO, it crumbles to dust.
You feel blessed for a moment.
It was a scroll of remove curse.
The quokka closely misses you.
As you read the scroll labeled YVVIEN BURA, it crumbles to dust.
It is a scroll of identify.
p - a scroll of teleportation The quokka bites you.
You die...

... ....... ####'##
#.........#......
#.........#......
#.........#......
#.........#......
#.......(.#......
########.........#......
......r@..?......#######
......)).........รท......
............####...#####
...$..!.....+ +...+ #
............# #...# .
.............. #...# .
$...[...##.....#...#
........##.....#...#
....... ##...##...#...#


You could see a quokka.

Vanquished Creatures
  2 adders (D:2)
  2 dart slugs (D:1)
  6 bats
  2 giant cockroaches (D:1)
  4 goblins
  13 hobgoblins
  A jackal (D:1)
  2 quokkas (D:2)
  5 ball pythons (D:2)
  3 kobolds
  3 rats (D:1)
43 creatures vanquished.

Vanquished Creatures (collateral kills)
  A dart slug (D:1)
  A jackal (D:1)
2 creatures vanquished.

Grand Total: 45 creatures vanquished

Notes
Turn   | Place    | Note
-------+----------+-------------------------------------------
     0 | D:1      | Marnok the Demigod Artificer began the quest for the Orb.
     0 | D:1      | Reached XP level 1. HP: 15/15 MP: 5/5
    51 | D:1      | Reached skill level 3 in Evocations
    84 | D:1      | Reached skill level 1 in Fighting
   106 | D:1      | Reached XP level 2. HP: 5/23 MP: 6/6
   700 | D:1      | Reached skill level 1 in Short Blades
  1085 | D:1      | Reached XP level 3. HP: 21/28 MP: 8/8
  1342 | D:2      | Found a radiant altar of Vehumet.
  1475 | D:2      | Reached skill level 1 in Stealth
  1558 | D:2      | Reached skill level 1 in Armour
  1733 | D:2      | Found a glowing silver altar of Zin.
  1893 | D:2      | HP: 1/28 [quokka (3)]
  1898 | D:2      | Slain by a quokka

Skill      XL: |  1  2  3 |
---------------+----------+-----
Evocations     | 3 |  3.4
Fighting       | 1 |  1.5
Short Blades   | 1 |  1.5
Dodging        | 2 |  2.2
Stealth        | 1 |  1.0
Armour         | 1 |  1.0

Action                   || total
-------------------------++-------
Melee: Short sword       ||   178
Evoke: Wand              ||     1
  Use: Scroll            ||     4
       Potion            ||     1
 Stab: Sleeping          ||     3
  Eat: Ration            ||     1
Armor: Leather armour    ||    54
Dodge: Dodged            ||   146
